 Dungeon Crawl Stone Soup version 0.25.1-2-g60ff931df9 (webtiles) character file.

Game seed: 2652572500549076910

128 hawla the Chopper (level 4, 0/41 HPs)
             Began as a Minotaur Berserker on Oct 11, 2020.
             Was a Priest of Trog.
             Slain by a gnoll
             ... wielding a +0 spear
              (6 damage)
             ... on level 3 of the Dungeon.
             The game lasted 00:05:22 (2506 turns).

hawla the Chopper (Minotaur Berserker)              Turns: 2506, Time: 00:05:23

Health: 0/41       AC:  6    Str: 19 (22) XL:     4   Next: 86%
Magic:  3/3        EV: 11    Int:  3 (4)  God:    Trog [***...]
Gold:   119        SH:  0    Dex:  7 (10) Spells: 3/3 levels left

rFire    . . .     SeeInvis .   l - +0 war axe
rCold    . . .     Gourm    .   (no shield)
rNeg     . . .     Faith    .   g - +1 ring mail
rPois    .         Spirit   .   (helmet restricted)
rElec    .         Reflect  .   (no cloak)
rCorr    .         Harm     .   (no gloves)
MR       .....                  (no boots)
Stlth    ..........             (no amulet)
HPRegen  0.13/turn              (no ring)
MPRegen  0.08/turn              (no ring)

@: about to teleport
A: retaliatory headbutt, horns 2
a: Berserk, Trog's Hand, Renounce Religion


You were on level 3 of the Dungeon.
You worshipped Trog.
Trog was most pleased with you.
You were not hungry.

You visited 1 branch of the dungeon, and saw 3 of its levels.

You collected 119 gold pieces.

Inventory:

Hand Weapons
 l - a +0 war axe (weapon)
Armour
 g - a +1 ring mail (worn)
 h - a +0 scale mail
 r - a +0 chain mail
Scrolls
 f - a scroll of magic mapping
 j - 2 scrolls of teleportation
 p - a scroll of identify
Potions
 d - a potion of resistance {unknown}
 m - a potion of brilliance {unknown}
 q - 2 potions of haste {unknown}
Comestibles
 b - 5 chunks of flesh
 c - 4 rations


   Skills:
 + Level 4.4 Fighting
 + Level 5.3 Axes
 + Level 3.0 Armour
 * Level 3.3 Dodging


You had 3 spell levels left.
You didn't know any spells.
Your spell library was empty.

Dungeon Overview and Level Annotations

Branches:
Dungeon (3/15)

Altars:
Vehumet
Xom
Zin

Annotations:
D:2 trapped gold


Innate Abilities, Weirdness & Mutations

You reflexively headbutt those who attack you in melee.
You have a pair of horns on your head.


Message History

The gnoll hits you from afar with a +0 spear!
You are too injured to fight recklessly!
You are too injured to fight recklessly!
You are too injured to fight recklessly!
You are too injured to fight recklessly!
You barely miss the gnoll.
The gnoll is heavily wounded.
The gnoll hits you but does no damage.
The gnoll hits you from afar with a +0 spear.
* * * LOW HITPOINT WARNING * * *
It was a potion of degeneration.
There was something very wrong with that liquid.
You feel weakened.
You feel dopey.
You feel clumsy. The gnoll hits you with a +0 club.
* * * LOW HITPOINT WARNING * * *
The gnoll misses you.
As you read the scroll of teleportation, it crumbles to dust.
You feel strangely unstable. The gnoll hits you but does no damage.
The gnoll hits you from afar with a +0 spear.
You die...

#.# ... #.#
#.. .g# #g#
# #g#.#
#@#)# #..#
.########.##
.......#.##
#..##
#######.##
#........##
#...<.....#
####.#####.#


You could see 3 gnolls.

Vanquished Creatures
  A gnoll (D:3)
  5 adders
  An ooze (D:3)
  A worm (D:2)
  4 dart slugs
  3 leopard geckos
  A ball python (D:1)
  4 giant cockroaches
  6 goblins
  4 hobgoblins
  2 jackals (D:3)
  6 bats
  4 frilled lizards
  7 kobolds
  12 rats
61 creatures vanquished.

Notes
Turn   | Place    | Note
-------+----------+-------------------------------------------
     0 | D:1      | hawla the Minotaur Berserker began the quest for the Orb.
     0 | D:1      | Reached XP level 1. HP: 19/19 MP: 0/0
   198 | D:1      | Reached XP level 2. HP: 16/27 MP: 1/1
   354 | D:1      | Reached skill level 4 in Axes
   900 | D:1      | Reached ** piety under Trog
  1069 | D:1      | Reached XP level 3. HP: 32/33 MP: 2/2
  1584 | D:2      | Reached XP level 4. HP: 32/40 MP: 3/3
  1744 | D:2      | Found a radiant altar of Vehumet.
  2045 | D:2      | Found a glowing silver altar of Zin.
  2250 | D:3      | Reached skill level 5 in Axes
  2283 | D:3      | Found a shimmering altar of Xom.
  2289 | D:3      | Reached *** piety under Trog
  2506 | D:3      | Slain by a gnoll

Illustrated notes

Levels and vault maps discovered:
D:1:      dpeg_arrival_prison, layout_basic
D:2:      layout_rooms, vehumet_crystals, zin_treasury
D:3:      layout_loops_ring, lemuel_round_altar, makhleb_heckhound_becter,
          chequers_ecumenical_altar_twisty, lightli_corner_chamber

Skill      XL: |  1  2  3  4 |
---------------+-------------+-----
Axes           | 4 5 |  5.3
Fighting       | 4 |  4.4
Dodging        | 3 |  3.3
Armour         | 3 |  3.0

Action                   |  1- 3 |  4- 6 || total
-------------------------+-------+-------++-------
Melee: Hand axe          |    68 |       ||    68
       Headbutt          |     6 |     5 ||    11
       War axe           |     9 |    45 ||    54
  Use: Scroll            |     3 |     4 ||     7
       Potion            |       |     1 ||     1
 Stab: Sleeping          |     1 |       ||     1
  Eat: Chunk             |     2 |     3 ||     5
Armor: Animal skin       |     6 |       ||     6
       Leather armour    |    10 |     4 ||    14
       Ring mail         |       |    11 ||    11
Dodge: Dodged            |    44 |    40 ||    84
